 Dungeon Crawl Stone Soup version 0.25.1-8-g42b30a86e7 (webtiles) character file.

Game seed: 11154361985007935804

111 DearestLeader the Chiller (level 4, -5/24 HPs)
             Began as a Gargoyle Ice Elementalist on Dec 10, 2020.
             Slain by an ice beast (11 damage)
             ... on level 4 of the Dungeon.
             The game lasted 00:05:22 (2912 turns).

DearestLeader the Chiller (GrIE)                    Turns: 2912, Time: 00:05:23

Health: -5/24      AC:  5    Str: 11    XL:     4   Next: 92%
Magic:  7/7        EV: 12    Int: 17    God:
Gold:   169        SH:  0    Dex: 10    Spells: 3/7 levels left

rFire    . . .     SeeInvis +   q - +2 dagger (vamp)
rCold    . . .     Gourm    .   (no shield)
rNeg     + . .     Faith    .   a - +0 robe
rPois    ∞         Spirit   .   (no helmet)
rElec    +         Reflect  .   (no cloak)
rCorr    .         Harm     .   (no gloves)
MR       .....                  (no boots)
Stlth    ++........             (no amulet)
HPRegen  0.08/turn              h - ring of see invisible
MPRegen  0.10/turn              (no ring)

@: no status effects
A: negative energy resistance 1, electricity resistance, unbreathing,
petrification resistance, rot immunity, AC +3
a: no special abilities


You were on level 4 of the Dungeon.
You were not hungry.

You visited 1 branch of the dungeon, and saw 4 of its levels.

You collected 169 gold pieces.

Inventory:

Hand Weapons
 d - a +0 whip
 q - a +2 vampiric dagger (weapon)
Missiles
 k - 4 javelins (quivered)
Armour
 a - a +0 robe (worn)
Jewellery
 f - an uncursed ring of protection from magic {unknown}
 h - a ring of see invisible (left hand)
Scrolls
 i - a scroll of fear {unknown}
 l - a scroll of magic mapping
 n - a scroll of remove curse
 o - a scroll of enchant weapon {unknown}
 r - a scroll of enchant armour {unknown}
 t - a scroll of immolation {unknown}
 u - 2 scrolls of teleportation {unknown}
Potions
 b - a potion of heal wounds
 e - 2 potions of flight {unknown}
 g - a potion of degeneration {unknown}
 j - a potion of haste {unknown}
 m - 3 potions of curing
 p - a potion of might {unknown}
 v - a potion of berserk rage {unknown}
Comestibles
 c - 3 rations


   Skills:
 - Level 0.4 Maces & Flails
 - Level 1.7 Dodging
 - Level 2.1 Stealth
 - Level 2.0 Spellcasting
 * Level 6.0 Ice Magic


You had 3 spell levels left.
You knew the following spells:

 Your Spells              Type           Power        Failure   Level  Hunger
a - Freeze                Ice            ###.         1%          1    #......
b - Frozen Ramparts       Ice            ###...       4%          3    ###....

Your spell library contained the following spells:

 Spells                   Type           Power        Failure   Level  Hunger
 Ozocubu's Armour         Chrm/Ice       ##......     17%         3    ###....
 Hailstorm                Conj/Ice       ##......     50%         4    #####..
 Summon Ice Beast         Ice/Summ       ##......     50%         4    #####..


Dungeon Overview and Level Annotations

Branches:
Dungeon (4/15)
 Temple: D:4-7

Altars:
Cheibriados
Dithmenos
Qazlal
Xom
The Shining One


Innate Abilities, Weirdness & Mutations

You are resistant to torment.
Your stone body is resilient. (AC +3)
You are immune to poison.
You resist negative energy. (rN+)
You are resistant to electric shocks. (rElec)
You can survive without breathing.
You are immune to petrification.
You are immune to rotting.


Message History

Okay, then.
You aren't carrying any items that you can evoke.
You hit the ice beast but do no damage.
The ice beast is lightly wounded.
The ice beast hits you but does no damage.
You hit the ice beast but do no damage.
The ice beast is lightly wounded.
The ice beast closely misses you.
You hit the ice beast.
The ice beast is lightly wounded.
The ice beast misses you.
You barely miss the ice beast.
The ice beast is lightly wounded.
The ice beast hits you but does no damage.
You hit the ice beast but do no damage.
The ice beast is lightly wounded.
The ice beast hits you.
* * * LOW HITPOINT WARNING * * *
The ice beast freezes you!
You die...

,,,**
*,,≈≈≈≈≈,,,,,,,,,≈
,,..#
#...≈≈≈≈,,****,,≈≈
,,..## #..#≈≈≈,,,**
**,≈* **...#*
#..#≈≈≈*≈,,* **,*
##....#* #..#≈≈≈*,,**
**,, #..#...*
#..#≈≈**,,,****,,,
..#*#..#*
##..#≈≈****,,,,,,*,
..# *#..## ##..#*≈≈*
*,,,,,*** ..#
*#..#####.Y@#**≈*
**,,,,** * ..##
#...##.....# ***
*,,,,,** * ...#
*#.....#...#
*,,,,,,***
#..#####..####...#
*,,,,*,,,*
##...##..## #...#
*,,,,,*,,, #......##
*#...#******,**,,,,,*
##....##
*.....,,,,,,*****,,,*
#..#.?#
*#......,,,,,* *,,**
#####.#
**,,......,,,,* **,**


You could see an ice beast.

Vanquished Creatures
  A worker ant (D:2)
  2 adders
  3 worms
  2 dart slugs (D:1)
  2 leopard geckos
  5 orcs (D:3)
  3 bats
  2 giant cockroaches
  7 goblins
  6 hobgoblins
  3 jackals (D:1)
  4 kobolds
  A ball python (D:2)
  2 frilled lizards
  5 rats
48 creatures vanquished.

Notes
Turn   | Place    | Note
-------+----------+-------------------------------------------
     0 | D:1      | DearestLeader the Gargoyle Ice Elementalist began the quest
                  | for the Orb.
     0 | D:1      | Reached XP level 1. HP: 10/10 MP: 3/3
   105 | D:1      | Reached XP level 2. HP: 7/15 MP: 1/5
   820 | D:1      | Reached XP level 3. HP: 19/19 MP: 4/6
  1028 | D:2      | Learned a level 3 spell: Frozen Ramparts
  1559 | D:2      | Reached skill level 5 in Ice Magic
  1562 | D:2      | Reached XP level 4. HP: 21/24 MP: 1/7
  2025 | D:3      | Found a glowing golden altar of the Shining One.
  2025 | D:3      | Found a stormy altar of Qazlal.
  2025 | D:3      | Found a shimmering altar of Xom.
  2437 | D:3      | Found a snail-covered altar of Cheibriados.
  2649 | D:3      | Found a shadowy altar of Dithmenos.
  2726 | D:3      | Reached skill level 6 in Ice Magic
  2861 | D:4      | Noticed an ice beast
  2912 | D:4      | Slain by an ice beast

Illustrated notes

Levels and vault maps discovered:
D:1:      giann_bridges, layout_rooms, serial_curves, eino_curves_02,
          eino_curves_04
D:2:      layout_loops_corners, grunt_ministairs_5
D:3:      layout_loops_ring, lemuel_round_altar,
          nicolae_dithmenos_through_a_glass_darkly,
          chequers_temple_overflow_statue_of_worship, first_ration
D:4:      layout_layer_cave, cheibrodos_sewer_entry_sluice, chequers_big_river

Skill      XL: |  1  2  3  4 |
---------------+-------------+-----
Ice Magic      | 5 6 |  6.0
Maces & Flails | |  0.4
Dodging        | |  1.7
Stealth        | |  2.1
Spellcasting   | |  2.0

Action                   |  1- 3 |  4- 6 || total
-------------------------+-------+-------++-------
Melee: Whip              |    22 |       ||    22
       Dagger            |       |    75 ||    75
 Cast: Freeze            |    34 |     9 ||    43
       Frozen Ramparts   |     2 |     2 ||     4
  Use: Scroll            |       |     5 ||     5
 Stab: Sleeping          |       |     7 ||     7
  Eat: Chunk             |     2 |     5 ||     7
Armor: Robe              |    16 |    28 ||    44
Dodge: Dodged            |    41 |    44 ||    85
